 Dungeon Crawl Stone Soup version 0.30-a0-50-gb2d611f6b1 (webtiles) character file.

Game seed: 17785864190413546169

7 Decritt the Trooper (level 1, -1/20 HPs)
             Began as a Minotaur Fighter on Sept 4, 2022.
             Slain by an endoplasm (2 damage)
             ... on level 1 of the Dungeon.
             The game lasted 00:01:40 (127 turns).

Decritt the Trooper (Minotaur Fighter)               Turns: 127, Time: 00:01:41

Health: -1/20      AC:  7    Str: 20    XL:     1   Next: 83%
Magic:  0/0        EV:  9    Int:  5    God:
Gold:   0          SH:  4    Dex:  9    Spells: 0/0 levels left

rFire   . . .      SeeInvis .    a - +0 war axe
rCold   . . .      Faith    .    c - +0 buckler
rNeg    . . .      Spirit   .    b - +0 scale mail
rPois   .          Reflect  .    (helmet restricted)
rElec   .          Harm     .    (no cloak)
rCorr   .          Rampage  .    (no gloves)
Will    .....                    (no boots)
Stlth   ..........               (no amulet)
HPRegen 0.06/turn                (no ring)
MPRegen 0.07/turn                (no ring)

@: no status effects
A: horns 2, retaliatory headbutt
a: no special abilities


You were on level 1 of the Dungeon.
You visited 1 branch of the dungeon, and saw 1 of its levels.

Inventory:

Hand Weapons
 a - a +0 war axe (weapon)
Armour
 b - a +0 scale mail (worn)
 c - a +0 buckler (worn)
Scrolls
 e - a scroll of fog {unknown}
 f - a scroll of blinking {unknown}
Potions
 d - a potion of might


   Skills:
 * Level 3.8 Fighting
 + Level 2.5 Axes
 + Level 3.7 Armour
 + Level 0.3 Dodging
 + Level 3.7 Shields


You couldn't memorise any spells.
You didn't know any spells.
Your spell library was empty.

Dungeon Overview and Level Annotations

Branches:
Dungeon (1/15)

Altars:


Innate Abilities, Weirdness & Mutations

You have a pair of horns on your head.
You reflexively headbutt those who attack you in melee.


Message History

The dart slug is moderately wounded.
You throw a stone. The stone hits the dart slug.
The dart slug is heavily wounded.
The dart slug launches a dart at you. You block the slug dart.
You throw a stone. The stone hits the dart slug.
The dart slug is severely wounded.
You slash the dart slug!
You kill the dart slug!
There is an open door here.
You see here a dart slug corpse.
A goblin comes into view. It is wielding a +0 club.
The goblin shouts!
You throw a stone. The stone hits the goblin.
The goblin is heavily wounded.
You slash the goblin!
You kill the goblin!
No target in view!
Found a leather armour.
Found a stone staircase leading down.
You open the door.
An endoplasm comes into view.
The endoplasm quivers.
The endoplasm freezes you.
You are frozen.
There is an open door here.
You completely miss the endoplasm. The endoplasm freezes you.
You are frozen.
* * * LOW HITPOINT WARNING * * *
You barely miss the endoplasm. The endoplasm freezes you.
You are frozen.
* * * LOW HITPOINT WARNING * * *
The endoplasm freezes you.
You are frozen.
* * * LOW HITPOINT WARNING * * *
You barely miss the endoplasm. Your headbutt misses the endoplasm.
The endoplasm hits you.
You die...

###+#####
#.......#
#.......#
#.......# .
#.......# ..
#...J...# ...
###@#####...>
#............
#.......[....
#............
##........###.
#.........#
#.........#
#.........#
#.........+


You could see an endoplasm.

Vanquished Creatures
  A dart slug (D:1)
  A giant cockroach (D:1)
  A goblin (D:1)
  A bat (D:1)
  A kobold (D:1)
5 creatures vanquished.

Notes
Turn   | Place    | Note
-------+----------+-------------------------------------------
     0 | D:1      | Decritt the Minotaur Fighter began the quest for the Orb.
     0 | D:1      | Reached XP level 1. HP: 19/19 MP: 0/0
   126 | D:1      | HP: 1/20 [frozen (5)]
   127 | D:1      | Slain by an endoplasm

Illustrated notes

Levels and vault maps discovered:
D:1:      scummos_arrival_hexagon, layout_basic,
          dilly_ecumenical_altar_fadedgnrine, serial_shops,
          nicolae_shop_overgrown_old_shop

Action                   || total
-------------------------++-------
Melee: War axe           ||    12
Throw: Stone             ||     5
Armor: Scale mail        ||     3
Dodge: Dodged            ||     4
Block: Buckler           ||     2

Table legend: (Time is in decaauts)
 A = Elapsed time spent in this place.
 B = Non-inter-level travel time spent in this place.
 C = Inter-level travel time spent in this place.
 D = Time resting spent in this place.
 E = Time spent auto-exploring this place.
 F = Levels seen in this place.
 G = Mean time per level.
                   A        B        C        D        E       F      G
               +--------+--------+--------+--------+--------+-----+--------+
         Total |    132 |    132 |      0 |      0 |     77 |   1 |  132.0 |
       Dungeon |    132 |    132 |      0 |      0 |     77 |   1 |  132.0 |
               +--------+--------+--------+--------+--------+-----+--------+

Top non-repeatable levels by time:
     D:1: 132 daAuts
